Connexion

FLORIDA Panthers vs WASHINGTON Capitals

Created - 27 février 2024 at 05:53

Goals
1 2 3 T
FLORIDA Panthers 1 0 2 3
WASHINGTON Capitals 4 3 1 8
Shots
1 2 3 T
FLORIDA Panthers 7 6 12 25
WASHINGTON Capitals 21 17 11 49

GoalsPenalties
1st period
1. WASHINGTON Capitals , Shea Theodore 17 (Joel Hanley 44, Alex Killorn 18) at 2:30 (PP)
2. WASHINGTON Capitals , Nikita Kucherov 43 (Haydn Fleury 24) at 4:41
3. FLORIDA Panthers , Mikael Backlund 28 (Ian Cole 35, Jake Allen ) at 11:49
4. WASHINGTON Capitals , Aleksander Barkov 27 (Joel Hanley 45) at 17:25 (PP)
5. WASHINGTON Capitals , Aleksander Barkov 28 (Nikita Kucherov 45, Shea Theodore 57) at 18:22
Jacob Trouba (FLO) for Holding (Minor) at 2:10
Barclay Goodrow (FLO) for Delaying the game (Minor) at 17:21
2nd period
6. WASHINGTON Capitals , Brandon Hagel 24 (Frederick Gaudreau 48, Haydn Fleury 25) at 1:36 (PP)
7. WASHINGTON Capitals , Nikita Kucherov 44 (Aleksander Barkov 51, Brandon Hagel 45) at 2:10
8. WASHINGTON Capitals , Shea Theodore 18 (Aleksander Barkov 52, Brandon Hagel 46) at 19:06
Noah Hanifin (FLO) for Cross-checking (Minor) at 0:36
Noah Hanifin (FLO) for Slashing (Minor) at 3:37
3rd period
9. WASHINGTON Capitals , Frederick Gaudreau 37 (Alex Killorn 19, Brandon Hagel 47) at 3:56 (PP)
10. FLORIDA Panthers , Cody Eakin 19 (Jacob Trouba 18) at 7:39
11. FLORIDA Panthers , Rickard Rakell 20 (Jacob Trouba 19, Barclay Goodrow 15) at 13:17
Carter Verhaeghe (FLO) for Interference (Minor) at 2:40
Jared Spurgeon (FLO) for Tripping (Minor) at 19:00
Goalie Stats
Hunter Miska (FLO), 26 saves from 30 shots - (0,867), 41:38 minutes
Jake Allen (FLO), 15 saves from 19 shots - (0,789), L, 6-8-1, 18:22 minutes
Jordan Binnington (WAS), 22 saves from 25 shots - (0,880), W, 37-13-5, 60:00 minutes
3 StarsOfficial
1 - Aleksander Barkov (WAS)
2 - Shea Theodore (WAS)
3 - Nikita Kucherov (WAS)
Referees : Mike Hasenfratz and Steve Kozari
Linesman : Brian Murphy and Michel Cormier
Game Note
Hunter Miska enters game at 18:22 of 1st period
Joel Hanley is injured at 17:31 of 3rd period (Sprained Right Finger)
Finance
Level 1 -- Attendance: 4474 (74,57%) -- Ticket Income $738,210
Level 2 -- Attendance: 3936 (74,59%) -- Ticket Income $432,960
Level 3 -- Attendance: 1192 (59,60%) -- Ticket Income $101,320
Level 4 -- Attendance: 2172 (54,30%) -- Ticket Income $125,976
Luxury Box -- Attendance: 1000 (100,00%) -- Ticket Income $250,000
Game was played at the Verizon Center.
Total Attendance: 12774 (69,89%)
Total Ticket Income: $1,648,466
Other Income: $329,693
Total Income: $1,978,159



Team Name Goals Shots Shots Attemp Shots Blocked PIM HIT PP PK FO%
FLORIDA Panthers 325511412220 / 0 (0,00%449%
WASHINGTON Capitals 84910350184 / 6 (67%)051%

FLORIDA Panthers
Player Name POS G A P +/- PIM HIT SHT SB MP PP MP PP SHT PK MP PK SHT FO% FOT
Barclay GoodrowLW/RW0111226019:360:0000:000100% 3
Carter VerhaegheC/RW000-1200020:030:0001:17050% 2
Cody EakinC/LW1010012014:010:0000:00065% 17
Connor TimminsD0002000216:260:0001:5400% 0
Ian ColeD011-1010319:160:0002:5400% 0
Jacob TroubaD0222210114:310:0000:0000% 0
Jared Spurgeon D000-2221425:510:0002:2400% 0
Justin ScottC/LW/RW0000020114:010:0000:00050% 2
Kiril KaprizovLW0000002015:010:0001:0000% 1
Mario FerraroD000-1060219:040:0002:4200% 0
Mark ScheifeleC000-1013022:460:0003:59034% 29
Michael BuntingLW000-100001:570:0000:0000% 0
Mikael BacklundC/LW1011002021:160:0001:39059% 29
Morgan GeekieC000-100001:570:0000:00020% 5
Nikolay GoldobinLW/RW000-2034124:050:0003:21050% 8
Noah HanifinD000-2420024:480:0001:2200% 0
Rickard RakellC/LW/RW1011015019:370:0000:0000% 2
Taro HiroseLW000000000:000:0000:0000% 0
WASHINGTON Capitals
Player Name POS G A P +/- PIM HIT SHT SB MP PP MP PP SHT PK MP PK SHT FO% FOT
Aleksander BarkovC2242018024:442:4820:00059% 34
Alex KillornC/LW/RW022-1012013:232:5010:0000% 0
Andreas JohnssonLW/RW0000002116:110:0000:0000% 1
Brandon HagelLW1342016024:462:5030:00033% 3
Denis GurianovLW/RW000000205:420:0000:0000% 0
Dryden HuntC/LW000001005:420:0000:00050% 8
Frederick GaudreauC/RW1120014019:012:5010:00050% 30
Givani SmithRW000002105:420:0000:0000% 0
Haydn FleuryD0222032025:292:3000:0000% 0
Jared McCannC/LW0000003018:592:4810:00050% 2
Joel HanleyD0220000119:322:4100:0000% 0
Joel KivirantaLW000-1012010:330:0000:000100% 2
Mikey EyssimontC/LW000-1002010:330:0000:00041% 17
Nick JensenD0000010020:161:5800:0000% 0
Nikita KucherovRW21320211124:442:4810:0000% 1
Sean WalkerD000-1010014:060:2700:0000% 0
Shea TheodoreD2132023226:393:4010:0000% 0
Slater KoekkoekD000-1011013:580:0000:0000% 0



Play-by-Play

1st period


0:01 of 1st period - Aleksander Barkov wins face-off versus Mark Scheifele in neutral zone.
0:06 of 1st period - Shot by Nikita Kucherov.
0:06 of 1st period - Stopped by Jake Allen without a rebound.
0:07 of 1st period - Mikael Backlund wins face-off versus Frederick Gaudreau in FLORIDA Panthers zone.
0:40 of 1st period - Shot by Frederick Gaudreau.
0:40 of 1st period - Stopped by Jake Allen without a rebound.
0:41 of 1st period - Mark Scheifele wins face-off versus Aleksander Barkov in FLORIDA Panthers zone.
1:00 of 1st period - Shot by Nikita Kucherov.
1:00 of 1st period - Shot Misses the Net.
1:04 of 1st period - Shot by Aleksander Barkov.
1:04 of 1st period - Shot Misses the Net.
1:06 of 1st period - Shot by Nikita Kucherov.
1:06 of 1st period - Shot Misses the Net.
1:31 of 1st period - Icing by Haydn Fleury.
1:32 of 1st period - Cody Eakin wins face-off versus Brandon Hagel in WASHINGTON Capitals zone.
2:10 of 1st period - Minor Penalty to Jacob Trouba for Holding.
2:11 of 1st period - Frederick Gaudreau wins face-off versus Nikolay Goldobin in FLORIDA Panthers zone.
2:11 of 1st period - Shea Theodore is hit by Mario Ferraro and loses puck.
2:14 of 1st period - Shot by Shea Theodore.
2:14 of 1st period - Shot Blocked by Ian Cole.
2:16 of 1st period - Shot by Brandon Hagel.
2:16 of 1st period - Stopped by Jake Allen with a rebound.
2:30 of 1st period - Shot by Shea Theodore.
2:30 of 1st period - Goal by Shea Theodore - FLORIDA Panthers : 0 - WASHINGTON Capitals : 1.
2:31 of 1st period - Dryden Hunt wins face-off versus Mikael Backlund in neutral zone.
2:34 of 1st period - Jared Spurgeon is hit by Dryden Hunt.
2:46 of 1st period - Shot by Mikael Backlund.
2:46 of 1st period - Stopped by Jordan Binnington without a rebound.
2:47 of 1st period - Frederick Gaudreau wins face-off versus Justin Scott in WASHINGTON Capitals zone.
4:16 of 1st period - Mikey Eyssimont is hit by Mark Scheifele and loses puck.
4:41 of 1st period - Shot by Nikita Kucherov.
4:41 of 1st period - Goal by Nikita Kucherov - FLORIDA Panthers : 0 - WASHINGTON Capitals : 2.
4:42 of 1st period - Barclay Goodrow wins face-off versus Dryden Hunt in neutral zone.
4:42 of 1st period - Barclay Goodrow is hit by Givani Smith.
4:45 of 1st period - Off-side.
4:46 of 1st period - Aleksander Barkov wins face-off versus Mikael Backlund in neutral zone.
4:49 of 1st period - Rickard Rakell is hit by Aleksander Barkov.
4:52 of 1st period - Barclay Goodrow is hit by Haydn Fleury and loses puck.
5:23 of 1st period - Shot by Barclay Goodrow.
5:23 of 1st period - Stopped by Jordan Binnington without a rebound.
5:24 of 1st period - Frederick Gaudreau wins face-off versus Mark Scheifele in WASHINGTON Capitals zone.
6:42 of 1st period - Icing by Slater Koekkoek.
6:43 of 1st period - Barclay Goodrow wins face-off versus Dryden Hunt in WASHINGTON Capitals zone.
7:15 of 1st period - Denis Gurianov is hit by Mario Ferraro and loses puck.
7:44 of 1st period - Sean Walker is hit by Jacob Trouba and loses puck.
8:11 of 1st period - Shot by Aleksander Barkov.
8:11 of 1st period - Stopped by Jake Allen without a rebound.
8:12 of 1st period - Mikey Eyssimont wins face-off versus Morgan Geekie in FLORIDA Panthers zone.
9:06 of 1st period - Aleksander Barkov is hit by Barclay Goodrow and loses puck.
9:22 of 1st period - Shot by Barclay Goodrow.
9:22 of 1st period - Shot Misses the Net.
9:24 of 1st period - Shot by Mario Ferraro.
9:24 of 1st period - Shot Misses the Net.
9:26 of 1st period - Shot by Barclay Goodrow.
9:26 of 1st period - Stopped by Jordan Binnington without a rebound.
9:27 of 1st period - Jared McCann wins face-off versus Cody Eakin in WASHINGTON Capitals zone.
9:59 of 1st period - Shot by Frederick Gaudreau.
9:59 of 1st period - Shot Misses the Net.
10:37 of 1st period - Shot by Brandon Hagel.
10:37 of 1st period - Shot Misses the Net.
10:39 of 1st period - Shot by Aleksander Barkov.
10:39 of 1st period - Shot Blocked by Jacob Trouba.
10:41 of 1st period - Shot by Brandon Hagel.
10:41 of 1st period - Stopped by Jake Allen without a rebound.
10:42 of 1st period - Mikey Eyssimont wins face-off versus Mark Scheifele in FLORIDA Panthers zone.
10:57 of 1st period - Shot by Jared Spurgeon .
10:57 of 1st period - Stopped by Jordan Binnington with a rebound.
11:36 of 1st period - Joel Hanley is hit by Mario Ferraro and loses puck.
11:49 of 1st period - Shot by Mikael Backlund.
11:49 of 1st period - Goal by Mikael Backlund - FLORIDA Panthers : 1 - WASHINGTON Capitals : 2.
11:50 of 1st period - Aleksander Barkov wins face-off versus Mikael Backlund in neutral zone.
11:59 of 1st period - Shot by Aleksander Barkov.
11:59 of 1st period - Stopped by Jake Allen with a rebound.
12:01 of 1st period - Shot by Shea Theodore.
12:01 of 1st period - Shot Blocked by Mario Ferraro.
12:03 of 1st period - Shot by Aleksander Barkov.
12:03 of 1st period - Shot Misses the Net.
12:05 of 1st period - Shot by Haydn Fleury.
12:05 of 1st period - Stopped by Jake Allen with a rebound.
12:07 of 1st period - Shot by Haydn Fleury.
12:07 of 1st period - Shot Misses the Net.
12:09 of 1st period - Shot by Haydn Fleury.
12:09 of 1st period - Stopped by Jake Allen with a rebound.
12:11 of 1st period - Shot by Nikita Kucherov.
12:11 of 1st period - Stopped by Jake Allen without a rebound.
12:12 of 1st period - Frederick Gaudreau wins face-off versus Morgan Geekie in FLORIDA Panthers zone.
12:31 of 1st period - Shot by Andreas Johnsson.
12:31 of 1st period - Shot Misses the Net.
12:33 of 1st period - Shot by Andreas Johnsson.
12:33 of 1st period - Shot Misses the Net.
12:35 of 1st period - Shot by Andreas Johnsson.
12:35 of 1st period - Stopped by Jake Allen without a rebound.
12:36 of 1st period - Aleksander Barkov wins face-off versus Cody Eakin in FLORIDA Panthers zone.
13:51 of 1st period - Shot by Rickard Rakell.
13:51 of 1st period - Shot Misses the Net.
14:30 of 1st period - Icing by Joel Hanley.
14:31 of 1st period - Frederick Gaudreau wins face-off versus Mark Scheifele in WASHINGTON Capitals zone.
14:36 of 1st period - Shot by Andreas Johnsson.
14:36 of 1st period - Stopped by Jake Allen without a rebound.
14:37 of 1st period - Mikey Eyssimont wins face-off versus Mark Scheifele in FLORIDA Panthers zone.
15:17 of 1st period - Nikolay Goldobin is hit by Slater Koekkoek and loses puck.
15:38 of 1st period - Jared McCann is hit by Justin Scott and loses puck.
15:42 of 1st period - Icing by Nick Jensen.
15:43 of 1st period - Mikael Backlund wins face-off versus Frederick Gaudreau in WASHINGTON Capitals zone.
15:46 of 1st period - Shot by Mikael Backlund.
15:46 of 1st period - Shot Misses the Net.
15:48 of 1st period - Shot by Mikael Backlund.
15:48 of 1st period - Shot Misses the Net.
15:50 of 1st period - Shot by Mikael Backlund.
15:50 of 1st period - Shot Misses the Net.
16:12 of 1st period - Off-side.
16:13 of 1st period - Cody Eakin wins face-off versus Dryden Hunt in neutral zone.
16:15 of 1st period - Kiril Kaprizov is hit by Shea Theodore and loses puck.
16:22 of 1st period - Jacob Trouba is hit by Givani Smith and loses puck.
16:29 of 1st period - Shot by Denis Gurianov.
16:29 of 1st period - Stopped by Jake Allen without a rebound.
16:30 of 1st period - Aleksander Barkov wins face-off versus Mark Scheifele in FLORIDA Panthers zone.
16:41 of 1st period - Shot by Nikita Kucherov.
16:41 of 1st period - Shot Misses the Net.
16:43 of 1st period - Shot by Brandon Hagel.
16:43 of 1st period - Shot Misses the Net.
16:45 of 1st period - Shot by Aleksander Barkov.
16:45 of 1st period - Shot Misses the Net.
16:49 of 1st period - Shot by Aleksander Barkov.
16:49 of 1st period - Shot Misses the Net.
17:01 of 1st period - Shot by Brandon Hagel.
17:01 of 1st period - Deflect By Nikita Kucherov.
17:01 of 1st period - Stopped by Jake Allen without a rebound.
17:02 of 1st period - Frederick Gaudreau wins face-off versus Mikael Backlund in FLORIDA Panthers zone.
17:21 of 1st period - Minor Penalty to Barclay Goodrow for Delaying the game.
17:22 of 1st period - Aleksander Barkov wins face-off versus Nikolay Goldobin in FLORIDA Panthers zone.
17:23 of 1st period - Shot by Joel Hanley.
17:23 of 1st period - Shot Misses the Net.
17:25 of 1st period - Shot by Aleksander Barkov.
17:25 of 1st period - Goal by Aleksander Barkov - FLORIDA Panthers : 1 - WASHINGTON Capitals : 3.
17:26 of 1st period - Aleksander Barkov wins face-off versus Mark Scheifele in neutral zone.
17:29 of 1st period - Shot by Shea Theodore.
17:29 of 1st period - Stopped by Jake Allen with a rebound.
17:31 of 1st period - Shot by Nikita Kucherov.
17:31 of 1st period - Stopped by Jake Allen without a rebound.
17:32 of 1st period - Mark Scheifele wins face-off versus Aleksander Barkov in FLORIDA Panthers zone.
17:32 of 1st period - Mark Scheifele is hit by Nikita Kucherov.
17:46 of 1st period - Shot by Jared Spurgeon .
17:46 of 1st period - Shot Misses the Net.
17:58 of 1st period - Shot by Shea Theodore.
17:58 of 1st period - Shot Blocked by Jared Spurgeon .
18:11 of 1st period - Icing by Aleksander Barkov.
18:12 of 1st period - Aleksander Barkov wins face-off versus Mikael Backlund in WASHINGTON Capitals zone.
18:14 of 1st period - Icing by Brandon Hagel.
18:15 of 1st period - Barclay Goodrow wins face-off versus Aleksander Barkov in WASHINGTON Capitals zone.
18:22 of 1st period - Shot by Nikita Kucherov.
18:22 of 1st period - Deflect By Aleksander Barkov.
18:22 of 1st period - Goal by Aleksander Barkov - FLORIDA Panthers : 1 - WASHINGTON Capitals : 4.
18:22 of 1st period - Hunter Miska enters game.
18:23 of 1st period - Frederick Gaudreau wins face-off versus Mikael Backlund in neutral zone.
18:34 of 1st period - Shot by Andreas Johnsson.
18:34 of 1st period - Shot Misses the Net.
18:47 of 1st period - Icing by Ian Cole.
18:48 of 1st period - Mikael Backlund wins face-off versus Aleksander Barkov in FLORIDA Panthers zone.
18:48 of 1st period - Mikael Backlund is hit by Brandon Hagel.
18:58 of 1st period - Shot by Aleksander Barkov.
18:58 of 1st period - Shot Misses the Net.
19:00 of 1st period - Shot by Haydn Fleury.
19:00 of 1st period - Shot Misses the Net.
19:02 of 1st period - Shot by Aleksander Barkov.
19:02 of 1st period - Stopped by Hunter Miska with a rebound.
19:04 of 1st period - Shot by Aleksander Barkov.
19:04 of 1st period - Shot Misses the Net.
19:20 of 1st period - Shot by Nikita Kucherov.
19:20 of 1st period - Stopped by Hunter Miska without a rebound.
19:21 of 1st period - Mark Scheifele wins face-off versus Frederick Gaudreau in FLORIDA Panthers zone.
19:48 of 1st period - Shot by Nikolay Goldobin.
19:48 of 1st period - Stopped by Jordan Binnington with a rebound.
19:54 of 1st period - Shot by Carter Verhaeghe.
19:54 of 1st period - Shot Misses the Net.
19:56 of 1st period - Shot by Mark Scheifele.
19:56 of 1st period - Stopped by Jordan Binnington without a rebound.
19:57 of 1st period - Aleksander Barkov wins face-off versus Cody Eakin in WASHINGTON Capitals zone.
19:57 of 1st period - Aleksander Barkov is hit by Cody Eakin.
Goals for this period are 1 for FLORIDA Panthers vs 4 for WASHINGTON Capitals.
Shots for this period are 7 for FLORIDA Panthers vs 21 for WASHINGTON Capitals.

2nd period


0:01 of 2nd period - Mark Scheifele wins face-off versus Frederick Gaudreau in neutral zone.
0:20 of 2nd period - Frederick Gaudreau is hit by Noah Hanifin and loses puck.
0:25 of 2nd period - Shot by Frederick Gaudreau.
0:25 of 2nd period - Shot Blocked by Jared Spurgeon .
0:33 of 2nd period - Shot by Frederick Gaudreau.
0:33 of 2nd period - Shot Blocked by Nikolay Goldobin.
0:36 of 2nd period - Minor Penalty to Noah Hanifin for Cross-checking.
0:37 of 2nd period - Nikolay Goldobin wins face-off versus Aleksander Barkov in FLORIDA Panthers zone.
0:46 of 2nd period - Nikolay Goldobin is hit by Nikita Kucherov and loses puck.
1:20 of 2nd period - Icing by Frederick Gaudreau.
1:21 of 2nd period - Mikael Backlund wins face-off versus Frederick Gaudreau in WASHINGTON Capitals zone.
1:22 of 2nd period - Shot by Carter Verhaeghe.
1:22 of 2nd period - Shot Misses the Net.
1:36 of 2nd period - Shot by Brandon Hagel.
1:36 of 2nd period - Goal by Brandon Hagel - FLORIDA Panthers : 1 - WASHINGTON Capitals : 5.
1:37 of 2nd period - Cody Eakin wins face-off versus Dryden Hunt in neutral zone.
1:49 of 2nd period - Shot by Givani Smith.
1:49 of 2nd period - Stopped by Hunter Miska without a rebound.
1:50 of 2nd period - Aleksander Barkov wins face-off versus Morgan Geekie in FLORIDA Panthers zone.
2:04 of 2nd period - Shot by Brandon Hagel.
2:04 of 2nd period - Shot Blocked by Jared Spurgeon .
2:06 of 2nd period - Shot by Brandon Hagel.
2:06 of 2nd period - Deflect By Aleksander Barkov.
2:06 of 2nd period - Shot Misses the Net.
2:08 of 2nd period - Shot by Aleksander Barkov.
2:08 of 2nd period - Shot Misses the Net.
2:10 of 2nd period - Shot by Nikita Kucherov.
2:10 of 2nd period - Goal by Nikita Kucherov - FLORIDA Panthers : 1 - WASHINGTON Capitals : 6.
2:11 of 2nd period - Mikey Eyssimont wins face-off versus Mikael Backlund in neutral zone.
2:25 of 2nd period - Icing by Mario Ferraro.
2:26 of 2nd period - Aleksander Barkov wins face-off versus Rickard Rakell in FLORIDA Panthers zone.
2:30 of 2nd period - Icing by Mario Ferraro.
2:31 of 2nd period - Aleksander Barkov wins face-off versus Mikael Backlund in FLORIDA Panthers zone.
2:31 of 2nd period - Brandon Hagel is hit by Mario Ferraro and loses puck.
2:47 of 2nd period - Nikita Kucherov is hit by Mario Ferraro and loses puck.
3:02 of 2nd period - Shot by Rickard Rakell.
3:02 of 2nd period - Shot Blocked by Nikita Kucherov.
3:10 of 2nd period - Shot by Rickard Rakell.
3:10 of 2nd period - Stopped by Jordan Binnington without a rebound.
3:11 of 2nd period - Frederick Gaudreau wins face-off versus Mark Scheifele in WASHINGTON Capitals zone.
3:11 of 2nd period - Frederick Gaudreau is hit by Nikolay Goldobin.
3:37 of 2nd period - Minor Penalty to Noah Hanifin for Slashing.
3:38 of 2nd period - Nikolay Goldobin wins face-off versus Aleksander Barkov in FLORIDA Panthers zone.
4:05 of 2nd period - Shot by Jared McCann.
4:05 of 2nd period - Shot Blocked by Jared Spurgeon .
4:07 of 2nd period - Shot by Nikita Kucherov.
4:07 of 2nd period - Stopped by Hunter Miska without a rebound.
4:08 of 2nd period - Frederick Gaudreau wins face-off versus Mikael Backlund in FLORIDA Panthers zone.
4:31 of 2nd period - Shot by Haydn Fleury.
4:31 of 2nd period - Shot Misses the Net.
4:33 of 2nd period - Shot by Frederick Gaudreau.
4:33 of 2nd period - Shot Misses the Net.
4:46 of 2nd period - Icing by Brandon Hagel.
4:47 of 2nd period - Mikael Backlund wins face-off versus Frederick Gaudreau in WASHINGTON Capitals zone.
4:58 of 2nd period - Jared Spurgeon is hit by Alex Killorn.
5:44 of 2nd period - Shot by Denis Gurianov.
5:44 of 2nd period - Shot Misses the Net.
5:46 of 2nd period - Shot by Slater Koekkoek.
5:46 of 2nd period - Shot Misses the Net.
5:48 of 2nd period - Shot by Dryden Hunt.
5:48 of 2nd period - Shot Blocked by Connor Timmins.
5:50 of 2nd period - Shot by Givani Smith.
5:50 of 2nd period - Shot Misses the Net.
5:52 of 2nd period - Shot by Slater Koekkoek.
5:52 of 2nd period - Stopped by Hunter Miska without a rebound.
5:53 of 2nd period - Joel Kiviranta wins face-off versus Rickard Rakell in FLORIDA Panthers zone.
6:15 of 2nd period - Shot by Barclay Goodrow.
6:15 of 2nd period - Stopped by Jordan Binnington without a rebound.
6:16 of 2nd period - Cody Eakin wins face-off versus Aleksander Barkov in WASHINGTON Capitals zone.
6:31 of 2nd period - Shot by Shea Theodore.
6:31 of 2nd period - Deflect By Aleksander Barkov.
6:31 of 2nd period - Stopped by Hunter Miska without a rebound.
6:32 of 2nd period - Mark Scheifele wins face-off versus Frederick Gaudreau in FLORIDA Panthers zone.
6:34 of 2nd period - Icing by Nikolay Goldobin.
6:35 of 2nd period - Aleksander Barkov wins face-off versus Mark Scheifele in FLORIDA Panthers zone.
6:38 of 2nd period - Shot by Brandon Hagel.
6:38 of 2nd period - Deflect By Aleksander Barkov.
6:38 of 2nd period - Stopped by Hunter Miska without a rebound.
6:39 of 2nd period - Mark Scheifele wins face-off versus Aleksander Barkov in FLORIDA Panthers zone.
7:56 of 2nd period - Shot by Rickard Rakell.
7:56 of 2nd period - Stopped by Jordan Binnington without a rebound.
7:57 of 2nd period - Cody Eakin wins face-off versus Mikey Eyssimont in WASHINGTON Capitals zone.
8:00 of 2nd period - Shot by Cody Eakin.
8:00 of 2nd period - Shot Misses the Net.
8:04 of 2nd period - Shot by Cody Eakin.
8:04 of 2nd period - Deflect By Kiril Kaprizov.
8:04 of 2nd period - Stopped by Jordan Binnington without a rebound.
8:05 of 2nd period - Cody Eakin wins face-off versus Frederick Gaudreau in WASHINGTON Capitals zone.
8:05 of 2nd period - Cody Eakin is hit by Nick Jensen.
8:26 of 2nd period - Off-side.
8:27 of 2nd period - Mikey Eyssimont wins face-off versus Mikael Backlund in neutral zone.
8:27 of 2nd period - Mikey Eyssimont is hit by Rickard Rakell.
8:30 of 2nd period - Alex Killorn is hit by Jared Spurgeon and loses puck.
8:59 of 2nd period - Shot by Mikael Backlund.
8:59 of 2nd period - Deflect By Barclay Goodrow.
8:59 of 2nd period - Stopped by Jordan Binnington without a rebound.
9:00 of 2nd period - Brandon Hagel wins face-off versus Mark Scheifele in WASHINGTON Capitals zone.
9:00 of 2nd period - Brandon Hagel is hit by Nikolay Goldobin.
9:32 of 2nd period - Shot by Nikita Kucherov.
9:32 of 2nd period - Shot Misses the Net.
9:34 of 2nd period - Shot by Haydn Fleury.
9:34 of 2nd period - Shot Misses the Net.
9:36 of 2nd period - Shot by Aleksander Barkov.
9:36 of 2nd period - Deflect By Nikita Kucherov.
9:36 of 2nd period - Stopped by Hunter Miska without a rebound.
9:37 of 2nd period - Mikael Backlund wins face-off versus Frederick Gaudreau in FLORIDA Panthers zone.
9:39 of 2nd period - Icing by Barclay Goodrow.
9:40 of 2nd period - Frederick Gaudreau wins face-off versus Mikael Backlund in FLORIDA Panthers zone.
10:10 of 2nd period - Shot by Jared McCann.
10:10 of 2nd period - Stopped by Hunter Miska without a rebound.
10:11 of 2nd period - Aleksander Barkov wins face-off versus Mark Scheifele in FLORIDA Panthers zone.
10:29 of 2nd period - Shot by Nikita Kucherov.
10:29 of 2nd period - Shot Blocked by Ian Cole.
10:31 of 2nd period - Shot by Nikita Kucherov.
10:31 of 2nd period - Stopped by Hunter Miska without a rebound.
10:32 of 2nd period - Joel Kiviranta wins face-off versus Cody Eakin in FLORIDA Panthers zone.
10:41 of 2nd period - Shot by Mikey Eyssimont.
10:41 of 2nd period - Stopped by Hunter Miska without a rebound.
10:42 of 2nd period - Frederick Gaudreau wins face-off versus Mark Scheifele in FLORIDA Panthers zone.
10:42 of 2nd period - Frederick Gaudreau is hit by Noah Hanifin.
10:44 of 2nd period - Shot by Andreas Johnsson.
10:44 of 2nd period - Shot Misses the Net.
11:30 of 2nd period - Off-side.
11:31 of 2nd period - Mikael Backlund wins face-off versus Nikita Kucherov in neutral zone.
12:29 of 2nd period - Shot by Joel Kiviranta.
12:29 of 2nd period - Stopped by Hunter Miska without a rebound.
12:30 of 2nd period - Cody Eakin wins face-off versus Mikey Eyssimont in FLORIDA Panthers zone.
13:42 of 2nd period - Shot by Frederick Gaudreau.
13:42 of 2nd period - Stopped by Hunter Miska without a rebound.
13:43 of 2nd period - Mark Scheifele wins face-off versus Aleksander Barkov in FLORIDA Panthers zone.
14:12 of 2nd period - Shot by Brandon Hagel.
14:12 of 2nd period - Shot Blocked by Mario Ferraro.
14:14 of 2nd period - Shot by Brandon Hagel.
14:14 of 2nd period - Shot Blocked by Ian Cole.
14:16 of 2nd period - Shot by Brandon Hagel.
14:16 of 2nd period - Stopped by Hunter Miska without a rebound.
14:17 of 2nd period - Mikael Backlund wins face-off versus Frederick Gaudreau in FLORIDA Panthers zone.
14:17 of 2nd period - Mikael Backlund is hit by Frederick Gaudreau.
14:22 of 2nd period - Icing by Connor Timmins.
14:23 of 2nd period - Mikael Backlund wins face-off versus Frederick Gaudreau in FLORIDA Panthers zone.
15:01 of 2nd period - Shot by Jared McCann.
15:01 of 2nd period - Stopped by Hunter Miska without a rebound.
15:02 of 2nd period - Aleksander Barkov wins face-off versus Mark Scheifele in FLORIDA Panthers zone.
15:29 of 2nd period - Shot by Mark Scheifele.
15:29 of 2nd period - Stopped by Jordan Binnington with a rebound.
16:17 of 2nd period - Shot by Kiril Kaprizov.
16:17 of 2nd period - Shot Misses the Net.
16:21 of 2nd period - Shot by Cody Eakin.
16:21 of 2nd period - Deflect By Kiril Kaprizov.
16:21 of 2nd period - Shot Misses the Net.
16:23 of 2nd period - Shot by Mario Ferraro.
16:23 of 2nd period - Shot Blocked by Shea Theodore.
16:40 of 2nd period - Denis Gurianov is hit by Ian Cole and loses puck.
17:34 of 2nd period - Shot by Jared McCann.
17:34 of 2nd period - Shot Misses the Net.
17:37 of 2nd period - Icing by Connor Timmins.
17:38 of 2nd period - Mikey Eyssimont wins face-off versus Mikael Backlund in FLORIDA Panthers zone.
18:10 of 2nd period - Shot by Alex Killorn.
18:10 of 2nd period - Deflect By Mikey Eyssimont.
18:10 of 2nd period - Stopped by Hunter Miska without a rebound.
18:11 of 2nd period - Aleksander Barkov wins face-off versus Morgan Geekie in FLORIDA Panthers zone.
18:20 of 2nd period - Shot by Brandon Hagel.
18:20 of 2nd period - Shot Misses the Net.
18:35 of 2nd period - Noah Hanifin is hit by Haydn Fleury and loses puck.
18:41 of 2nd period - Icing by Haydn Fleury.
18:42 of 2nd period - Aleksander Barkov wins face-off versus Kiril Kaprizov in WASHINGTON Capitals zone.
18:48 of 2nd period - Shea Theodore is hit by Justin Scott and loses puck.
19:06 of 2nd period - Shot by Shea Theodore.
19:06 of 2nd period - Goal by Shea Theodore - FLORIDA Panthers : 1 - WASHINGTON Capitals : 7.
19:07 of 2nd period - Mikael Backlund wins face-off versus Frederick Gaudreau in neutral zone.
19:31 of 2nd period - Shot by Mikael Backlund.
19:31 of 2nd period - Shot Hit the Post.
Goals for this period are 0 for FLORIDA Panthers vs 3 for WASHINGTON Capitals.
Shots for this period are 6 for FLORIDA Panthers vs 17 for WASHINGTON Capitals.

3rd period


0:01 of 3rd period - Aleksander Barkov wins face-off versus Carter Verhaeghe in neutral zone.
1:20 of 3rd period - Shot by Joel Kiviranta.
1:20 of 3rd period - Stopped by Hunter Miska with a rebound.
1:29 of 3rd period - Joel Kiviranta is hit by Mario Ferraro and loses puck.
2:39 of 3rd period - Shot by Kiril Kaprizov.
2:39 of 3rd period - Stopped by Jordan Binnington without a rebound.
2:40 of 3rd period - Dryden Hunt wins face-off versus Mark Scheifele in WASHINGTON Capitals zone.
2:40 of 3rd period - Minor Penalty to Carter Verhaeghe for Interference.
2:41 of 3rd period - Nikolay Goldobin wins face-off versus Aleksander Barkov in FLORIDA Panthers zone.
3:26 of 3rd period - Shot by Brandon Hagel.
3:26 of 3rd period - Stopped by Hunter Miska without a rebound.
3:27 of 3rd period - Frederick Gaudreau wins face-off versus Nikolay Goldobin in FLORIDA Panthers zone.
3:50 of 3rd period - Shot by Brandon Hagel.
3:50 of 3rd period - Shot Misses the Net.
3:52 of 3rd period - Shot by Alex Killorn.
3:52 of 3rd period - Stopped by Hunter Miska with a rebound.
3:54 of 3rd period - Shot by Frederick Gaudreau.
3:54 of 3rd period - Shot Misses the Net.
3:56 of 3rd period - Shot by Frederick Gaudreau.
3:56 of 3rd period - Goal by Frederick Gaudreau - FLORIDA Panthers : 1 - WASHINGTON Capitals : 8.
3:57 of 3rd period - Dryden Hunt wins face-off versus Cody Eakin in neutral zone.
4:02 of 3rd period - Shot by Denis Gurianov.
4:02 of 3rd period - Shot Blocked by Justin Scott.
4:04 of 3rd period - Shot by Givani Smith.
4:04 of 3rd period - Shot Blocked by Connor Timmins.
4:06 of 3rd period - Shot by Dryden Hunt.
4:06 of 3rd period - Shot Misses the Net.
4:08 of 3rd period - Shot by Denis Gurianov.
4:08 of 3rd period - Stopped by Hunter Miska with a rebound.
4:10 of 3rd period - Shot by Denis Gurianov.
4:10 of 3rd period - Shot Misses the Net.
4:26 of 3rd period - Shot by Denis Gurianov.
4:26 of 3rd period - Shot Misses the Net.
4:58 of 3rd period - Shot by Brandon Hagel.
4:58 of 3rd period - Stopped by Hunter Miska with a rebound.
5:00 of 3rd period - Shot by Brandon Hagel.
5:00 of 3rd period - Deflect By Nikita Kucherov.
5:00 of 3rd period - Shot Misses the Net.
5:02 of 3rd period - Shot by Nikita Kucherov.
5:02 of 3rd period - Stopped by Hunter Miska without a rebound.
5:03 of 3rd period - Frederick Gaudreau wins face-off versus Mark Scheifele in FLORIDA Panthers zone.
5:21 of 3rd period - Andreas Johnsson is hit by Nikolay Goldobin and loses puck.
5:25 of 3rd period - Off-side.
5:26 of 3rd period - Mikael Backlund wins face-off versus Aleksander Barkov in neutral zone.
5:42 of 3rd period - Off-side.
5:43 of 3rd period - Mikey Eyssimont wins face-off versus Mark Scheifele in neutral zone.
5:46 of 3rd period - Carter Verhaeghe is hit by Joel Kiviranta and loses puck.
5:58 of 3rd period - Alex Killorn is hit by Jared Spurgeon and loses puck.
6:03 of 3rd period - Shot by Alex Killorn.
6:03 of 3rd period - Stopped by Hunter Miska without a rebound.
6:04 of 3rd period - Mikael Backlund wins face-off versus Aleksander Barkov in FLORIDA Panthers zone.
6:18 of 3rd period - Barclay Goodrow is hit by Haydn Fleury and loses puck.
7:21 of 3rd period - Shot by Nikolay Goldobin.
7:21 of 3rd period - Shot Misses the Net.
7:31 of 3rd period - Shot by Nikolay Goldobin.
7:31 of 3rd period - Stopped by Jordan Binnington without a rebound.
7:32 of 3rd period - Cody Eakin wins face-off versus Mikey Eyssimont in WASHINGTON Capitals zone.
7:39 of 3rd period - Shot by Cody Eakin.
7:39 of 3rd period - Goal by Cody Eakin - FLORIDA Panthers : 2 - WASHINGTON Capitals : 8.
7:40 of 3rd period - Cody Eakin wins face-off versus Mikey Eyssimont in neutral zone.
8:10 of 3rd period - Off-side.
8:11 of 3rd period - Aleksander Barkov wins face-off versus Mark Scheifele in neutral zone.
9:15 of 3rd period - Icing by Ian Cole.
9:16 of 3rd period - Mikael Backlund wins face-off versus Frederick Gaudreau in FLORIDA Panthers zone.
9:55 of 3rd period - Shot by Rickard Rakell.
9:55 of 3rd period - Stopped by Jordan Binnington without a rebound.
9:56 of 3rd period - Justin Scott wins face-off versus Mikey Eyssimont in WASHINGTON Capitals zone.
10:01 of 3rd period - Shot by Cody Eakin.
10:01 of 3rd period - Stopped by Jordan Binnington without a rebound.
10:02 of 3rd period - Cody Eakin wins face-off versus Mikey Eyssimont in WASHINGTON Capitals zone.
10:13 of 3rd period - Off-side.
10:14 of 3rd period - Aleksander Barkov wins face-off versus Nikolay Goldobin in neutral zone.
10:59 of 3rd period - Off-side.
11:00 of 3rd period - Mikael Backlund wins face-off versus Andreas Johnsson in neutral zone.
11:07 of 3rd period - Shot by Rickard Rakell.
11:07 of 3rd period - Shot Misses the Net.
11:09 of 3rd period - Shot by Noah Hanifin.
11:09 of 3rd period - Shot Misses the Net.
11:11 of 3rd period - Shot by Mikael Backlund.
11:11 of 3rd period - Shot Misses the Net.
11:25 of 3rd period - Shot by Mikael Backlund.
11:25 of 3rd period - Shot Misses the Net.
11:27 of 3rd period - Shot by Barclay Goodrow.
11:27 of 3rd period - Stopped by Jordan Binnington without a rebound.
11:28 of 3rd period - Cody Eakin wins face-off versus Mikey Eyssimont in WASHINGTON Capitals zone.
11:28 of 3rd period - Cody Eakin is hit by Sean Walker.
11:38 of 3rd period - Shot by Kiril Kaprizov.
11:38 of 3rd period - Deflect By Cody Eakin.
11:38 of 3rd period - Shot Misses the Net.
12:11 of 3rd period - Off-side.
12:12 of 3rd period - Carter Verhaeghe wins face-off versus Aleksander Barkov in neutral zone.
12:21 of 3rd period - Shot by Mark Scheifele.
12:21 of 3rd period - Stopped by Jordan Binnington without a rebound.
12:22 of 3rd period - Mark Scheifele wins face-off versus Frederick Gaudreau in WASHINGTON Capitals zone.
12:25 of 3rd period - Shot by Nikolay Goldobin.
12:25 of 3rd period - Deflect By Carter Verhaeghe.
12:25 of 3rd period - Shot Blocked by Andreas Johnsson.
12:35 of 3rd period - Shot by Andreas Johnsson.
12:35 of 3rd period - Deflect By Frederick Gaudreau.
12:35 of 3rd period - Stopped by Hunter Miska without a rebound.
12:36 of 3rd period - Mikael Backlund wins face-off versus Aleksander Barkov in FLORIDA Panthers zone.
13:02 of 3rd period - Aleksander Barkov is hit by Barclay Goodrow and loses puck.
13:13 of 3rd period - Shot by Barclay Goodrow.
13:13 of 3rd period - Stopped by Jordan Binnington with a rebound.
13:17 of 3rd period - Shot by Rickard Rakell.
13:17 of 3rd period - Goal by Rickard Rakell - FLORIDA Panthers : 3 - WASHINGTON Capitals : 8.
13:18 of 3rd period - Frederick Gaudreau wins face-off versus Mark Scheifele in neutral zone.
13:50 of 3rd period - Shot by Nikolay Goldobin.
13:50 of 3rd period - Stopped by Jordan Binnington without a rebound.
13:51 of 3rd period - Dryden Hunt wins face-off versus Cody Eakin in WASHINGTON Capitals zone.
15:08 of 3rd period - Shot by Rickard Rakell.
15:08 of 3rd period - Stopped by Jordan Binnington without a rebound.
15:09 of 3rd period - Mark Scheifele wins face-off versus Brandon Hagel in WASHINGTON Capitals zone.
15:11 of 3rd period - Carter Verhaeghe is hit by Shea Theodore and loses puck.
16:41 of 3rd period - Shot by Barclay Goodrow.
16:41 of 3rd period - Shot Blocked by Shea Theodore.
17:29 of 3rd period - Shot by Kiril Kaprizov.
17:29 of 3rd period - Shot Misses the Net.
17:31 of 3rd period - Shot by Mario Ferraro.
17:31 of 3rd period - Deflect By Kiril Kaprizov.
17:31 of 3rd period - Shot Blocked by Joel Hanley.
17:31 of 3rd period - Joel Hanley from WASHINGTON Capitals is injured at 17:31 of 3rd period (Sprained Right Finger).
17:32 of 3rd period - Morgan Geekie wins face-off versus Mikey Eyssimont in WASHINGTON Capitals zone.
17:33 of 3rd period - Shot by Nikolay Goldobin.
17:33 of 3rd period - Stopped by Jordan Binnington without a rebound.
17:34 of 3rd period - Mark Scheifele wins face-off versus Frederick Gaudreau in WASHINGTON Capitals zone.
17:57 of 3rd period - Shot by Nikolay Goldobin.
17:57 of 3rd period - Shot Misses the Net.
18:26 of 3rd period - Off-side.
18:27 of 3rd period - Mikael Backlund wins face-off versus Mikey Eyssimont in neutral zone.
18:32 of 3rd period - Icing by Nick Jensen.
18:33 of 3rd period - Mikael Backlund wins face-off versus Mikey Eyssimont in WASHINGTON Capitals zone.
19:00 of 3rd period - Minor Penalty to Jared Spurgeon for Tripping.
19:01 of 3rd period - Nikolay Goldobin wins face-off versus Jared McCann in FLORIDA Panthers zone.
19:10 of 3rd period - Shot by Shea Theodore.
19:10 of 3rd period - Shot Misses the Net.
19:12 of 3rd period - Shot by Shea Theodore.
19:12 of 3rd period - Shot Misses the Net.
19:23 of 3rd period - Shot by Jared McCann.
19:23 of 3rd period - Stopped by Hunter Miska with a rebound.
19:25 of 3rd period - Shot by Nikita Kucherov.
19:25 of 3rd period - Shot Misses the Net.
19:27 of 3rd period - Shot by Aleksander Barkov.
19:27 of 3rd period - Stopped by Hunter Miska without a rebound.
19:28 of 3rd period - Frederick Gaudreau wins face-off versus Mark Scheifele in FLORIDA Panthers zone.
19:55 of 3rd period - Shot by Shea Theodore.
19:55 of 3rd period - Shot Misses the Net.
Goals for this period are 2 for FLORIDA Panthers vs 1 for WASHINGTON Capitals.
Shots for this period are 12 for FLORIDA Panthers vs 11 for WASHINGTON Capitals.